Map: Oblivion Express

Players

Spielor

  • Race: Terran Terran
  • Spawn Location: 0:00

NamroodTuo

  • Race: Terran Terran
  • Spawn Location: 12:00

VOD

Have the link to the VOD?

Description

Time

  • Played on: April 21, 2023, 2:05 p.m.
  • Length: 23:52
Show
View Real Time Build Order
Export as new Build Order

Spielor Terran 

Build Orders:  

Get SALT Encoding   

  12  0:03  SCV  
  13  0:22  Refinery  
  13  0:25  SCV  
  14  0:47  Barracks  
  14  0:50  SCV  
  15  1:07  SCV  
  16  1:19  Refinery  
  16  1:24  SCV  
  17  1:41  SCV  
  18  1:59  Factory  
  18  2:11  Engineering Bay  
  18  2:12  Railgun Turret  
  18  2:55  Command Center  
  18  3:18  Armory  
  18  3:37  Starport  
  18  3:41  Barracks Tech Lab  
  18  3:45  Factory Tech Lab  
  18  3:50  Structure Armor  
  18  4:02  Ghost Visor  
  18  4:50  Starport Tech Lab  
  18  4:52  Terran Infantry Weapons Level 1  
  18  4:53  Terran Vehicle and Ship Weapons Level 1  
  18  5:00  SCV  
  19  5:11  Refinery  
  19  5:17  SCV  
  20  5:34  SCV  
  20  5:36  Refinery  
  21  5:47  Super Stimpack  
  21  5:51  SCV  
  21  5:53  Enhanced Manufacturing  
  22  6:08  SCV  
  23  6:32  Laser Targeting System  
  23  6:38  Covert Triage  
  23  7:04  Triple Tap  
  23  7:32  Terran Infantry Armor Level 1  
  23  7:33  Terran Vehicle And Ship Armor Level 1  
  23  7:40  SCV  
  23  7:48  Spec Ops Ghost  
  28  7:50  Elite Marine  
  28  7:53  Raven Type-II  
  34  8:18  Operational Efficiency  
  34  8:31  Ares-Class Targeting System  
  53  8:40  EMP Round  
  34  8:46  Defensive Drone  
  34  9:01  Lockdown Missiles  
  34  9:17  Caduceus Reactor  
  34  9:54  Spec Ops Ghost  
  38  10:05  Raven Type-II  
  40  10:12  Terran Infantry Weapons Level 2  
  40  10:13  Terran Vehicle and Ship Weapons Level 2  
  40  10:17  Tactical Airlift  
  40  11:03  Strike Goliath  
  46  11:13  Defensive Drone  
  46  12:32  Spec Ops Ghost  
  50  13:02  Defensive Drone  
  48  13:22  Terran Infantry Armor Level 2  
  48  13:23  Elite Marine, Terran Vehicle And Ship Armor Level 2  
  51  14:18  Defensive Drone  
  51  14:34  Elite Marine  
  51  14:36  Raven Type-II  
  57  14:40  Strike Goliath  
  63  15:23  Strike Goliath  
  67  16:51  Defensive Drone  
  67  16:54  Tactical Airlift  
  67  17:49  Spec Ops Ghost  
  71  17:50  Elite Marine  
  75  18:55  Defensive Drone  
  75  18:58  Strike Goliath  
  81  19:03  Terran Vehicle and Ship Weapons Level 3  
  81  19:05  Terran Infantry Weapons Level 3  
  81  20:33  Raven Type-II  
  83  20:43  Tactical Airlift  
  83  20:48  Defensive Drone  
  83  20:53  Defensive Drone  
  83  21:31  Tactical Airlift  
  83  21:44  Smart Servos  
  83  21:49  Infernal Projectiles  
  83  22:10  Jump Jet Assault  
  83  22:24  Defensive Drone  
  83  22:26  Tactical Airlift  
  83  22:29  Raid Artillery  
  85  22:32  Defensive Drone, Graduating Range  
  83  23:00  Tactical Airlift  
  83  23:06  Defensive Drone  
  83  23:07  Defensive Drone  
  83  23:08  Defensive Drone  
  83  23:14  Spec Ops Ghost  
  83  23:16  Elite Marine  
Show
View Real Time Build Order
Export as new Build Order

NamroodTuo Terran 

Build Orders:  

Get SALT Encoding   

  12  0:23  Supply Depot  
  12  0:27  SCV  
  13  0:40  SCV  
  14  0:55  Factory  
  14  1:01  SCV  
  15  1:16  Supply Depot  
  15  1:18  SCV  
  16  1:30  Refinery  
  16  1:32  SCV  
  17  1:43  Perdition Turret  
  17  1:49  SCV  
  18  2:07  SCV  
  19  2:20  SCV  
  20  2:32  Supply Depot  
  20  2:42  Perdition Turret  
  20  3:12  SCV  
  20  3:15  Perdition Turret  
  21  3:23  Refinery  
  21  3:36  Supply Depot  
  21  3:51  Engineering Bay  
  21  4:14  Perdition Turret  
  21  4:32  Perdition Turret  
  21  4:44  Armory  
  21  4:51  Supply Depot  
  21  4:53  SCV  
  22  5:09  SCV  
  23  5:22  SCV  
  23  5:25  Devastation Turret  
  24  5:33  Devastation Turret  
  24  5:36  SCV  
  25  5:49  SCV  
  25  5:50  Devastation Turret  
  26  6:03  SCV  
  27  6:36  Spinning Dizzy  
  27  6:44  Devastation Turret  
  27  6:45  Spinning Dizzy  
  27  7:09  Spinning Dizzy  
  27  7:11  Perdition Turret  
  27  7:42  Command Center  
  27  8:13  Devastation Turret  
  27  8:17  Devastation Turret  
  27  8:28  Devastation Turret  
  27  8:37  Perdition Turret  
  27  8:43  SCV  
  28  8:57  SCV  
  29  9:10  SCV  
  29  9:11  Perdition Turret  
  29  9:13  Perdition Turret  
  29  9:16  Upgrade Laser Drill Level 1  
  30  9:24  SCV  
  30  9:26  Spinning Dizzy  
  31  9:33  Perdition Turret  
  31  9:37  SCV  
  31  9:39  Devastation Turret  
  32  9:42  Perdition Turret  
  32  9:53  Fire-Suppression Systems  
  32  10:11  Advanced Optics  
  32  10:15  SCV  
  33  10:30  Devastation Turret  
  33  10:42  Spinning Dizzy  
  33  10:53  KMC Auto-Loaders  
  33  10:55  SCV  
  34  11:03  Perdition Turret  
  34  11:09  SCV  
  35  11:12  SCV  
  36  11:26  SCV  
  37  11:39  SCV  
  38  11:53  SCV  
  39  12:06  SCV  
  40  12:10  Perdition Turret, Regenerative Bio-Steel  
  40  12:12  Devastation Turret  
  40  12:20  SCV  
  40  12:23  Structure Armor  
  41  12:31  Devastation Turret  
  41  12:33  SCV  
  42  12:45  Perdition Turret  
  42  12:52  Perdition Turret  
  42  12:56  Perdition Turret  
  42  13:03  Perdition Turret  
  42  13:08  Perdition Turret  
  42  13:11  Perdition Turret  
  42  13:13  Perdition Turret  
  42  13:20  Factory Tech Reactor  
  42  13:23  Hi-Sec Auto Tracking  
  42  13:32  Starport  
  42  13:37  Perdition Turret  
  42  13:43  Terran Vehicle And Ship Armor Level 1  
  42  13:48  Perdition Turret x2  
  42  13:49  SCV  
  43  13:54  Refinery  
  43  13:57  Refinery  
  43  14:01  Perdition Turret  
  43  14:03  SCV  
  43  14:07  Upgrade Laser Drill Level 2, Perdition Turret  
  44  14:11  Perdition Turret  
  44  14:12  Perdition Turret  
  44  14:14  Devastation Turret  
  44  14:16  SCV  
  45  14:26  Starport  
  45  14:28  Perdition Turret  
  45  14:29  Perdition Turret  
  45  14:30  SCV  
  45  14:32  Devastation Turret  
  46  14:43  SCV  
  46  14:46  Starport Tech Reactor  
  47  14:53  Devastation Turret  
  47  15:03  Perdition Turret  
  47  15:09  SCV  
  48  15:22  SCV  
  48  15:29  Devastation Turret  
  49  15:33  Perdition Turret  
  49  15:36  SCV  
  50  15:41  Perdition Turret  
  50  15:42  Perdition Turret  
  96  15:50  SCV  
  51  16:23  Terran Vehicle and Ship Weapons Level 1  
  51  16:39  Starport Tech Reactor  
  51  16:43  Science Vessel  
  51  16:44  Wraith  
  55  16:50  Pulse Amplifier  
  55  17:18  Supply Depot  
  55  17:24  Science Vessel  
  55  17:26  SCV  
  58  17:31  Wraith  
  58  17:38  Wraith x2  
  58  17:39  SCV  
  64  17:42  Supply Depot  
  65  17:50  Improved Nano-Repair  
  65  17:58  Displacement Field  
  65  18:05  Supply Depot  
  65  18:11  Science Vessel, Wraith  
  65  18:17  Wraith, Devastation Turret  
  65  18:18  Wraith  
  73  18:25  Supply Depot  
  72  18:46  Supply Depot  
  72  18:51  Science Vessel  
  72  18:57  Wraith  
  72  18:58  Defensive Matrix, Science Vessel  
  72  18:59  Wraith  
  80  19:02  Terran Vehicle And Ship Armor Level 2  
  80  19:13  Spinning Dizzy  
  80  19:18  Supply Depot  
  80  19:29  Devastation Turret  
  80  19:37  Wraith  
  80  19:39  Science Vessel, Wraith  
  86  19:46  Science Vessel  
  86  19:49  Spinning Dizzy, Supply Depot  
  88  20:03  Devastation Turret  
  88  20:17  Science Vessel  
  88  20:19  Wraith  
  92  20:20  Supply Depot  
  92  20:22  Spinning Dizzy  
  92  20:27  Wraith  
  94  20:34  Wraith  
  96  20:59  Wraith  
  98  21:01  Spinning Dizzy  
  98  21:05  Wraith  
  98  21:07  Science Vessel  
  102  21:10  Perdition Turret  
  102  21:14  Wraith  
  104  21:25  Devastation Turret  
  104  21:32  Perdition Turret  
  104  21:39  Wraith  
  106  21:41  Perdition Turret  
  106  21:43  Perdition Turret  
  106  21:44  Perdition Turret  
  106  21:45  Wraith  
  108  21:52  Spinning Dizzy  
  108  21:54  Wraith  
  108  21:55  Wraith  
  112  22:19  Wraith  
  114  22:25  Wraith  
  116  22:34  Wraith  
  116  22:35  Wraith  
  120  22:59  Wraith  
Tags
 
Commander
NovaSwann
Matchup
Co-op
Replay Pack
Multiplayer
Add a new tag
Caveats
  • Supply blocks, unpowered buildings, or Contaminate may cause inaccurate times.
  • Supply counts are checked every 10 seconds.